 Dungeon Crawl Stone Soup version 0.31-a0-845-g9abc20d24f (webtiles) character file.

Game seed: 2823893356885525553

130 Kurtz the Chopper (level 5, 0/36 HPs)
             Began as an Octopode Fighter on Oct 1, 2023.
             Slain by an orc
             ... wielding a +0 hand axe
              (7 damage)
             ... on level 3 of the Dungeon.
             The game lasted 00:01:01 (2048 turns).

Kurtz the Chopper (Octopode Fighter)                Turns: 2048, Time: 00:01:02

Health: 0/36       AC:  1    Str: 15    XL:     5   Next: 14%
Magic:  5/5        EV: 13    Int: 11    God:
Gold:   108        SH:  4    Dex: 13    Spells: 4/4 levels left

rFire   + . .        a - +0 war axe
rCold   + . .        b - +0 buckler
rNeg    . . .        (helmet restricted)
rPois   +            (no amulet)
rElec   +            (no ring)
rCorr   +            (no ring)
SInv    .            (no ring)
Will    .....        (no ring)
Stlth   ++           (no ring)
HPRegen 0.26/turn    (no ring)
MPRegen 0.09/turn    (no ring)
                     (no ring)

%: no passive effects
@: resistant
A: almost no armour, amphibious, 8 rings, camouflage 1, gelatinous body 1,
(nimble swimmer 1), tentacles
a: no special abilities


You were on level 3 of the Dungeon.
You visited 1 branch of the dungeon, and saw 3 of its levels.

You collected 108 gold pieces.

Inventory:

Hand Weapons
 a - a +0 war axe (weapon)
Armour
 b - a +0 buckler (worn)
Scrolls
 d - a scroll of fog {unknown}
 e - a scroll of fear {unknown}
 f - a scroll of amnesia {unknown}
 j - a scroll of teleportation {unknown}
 l - 2 scrolls of identify {unknown}
 n - 2 scrolls of enchant weapon {unknown}
 o - a scroll of revelation {unknown}
Potions
 c - a potion of might
 i - a potion of haste {unknown}
 k - a potion of attraction {unknown}
 m - a potion of mutation {unknown}


   Skills:
 - Level 3.0 Fighting
 * Level 5.2 Axes
 - Level 3.0 Dodging
 - Level 3.0 Shields


You had 4 spell levels left.
You didn't know any spells.
Your spell library contained the following spells:

 Spells                   Type           Power      Damage    Failure   Level
 Sublimation of Blood     Necr           0%         N/A       56%         2
 Wereblood                Tmut           0%         N/A       56%         2
 Tukima's Dance           Hex            0%         N/A       80%         3
 Passage of Golubria      Tloc           0%         N/A       99%         4
 Yara's Violent Unravell  Hex/Tmut       0%         3d3       100%        5
 Summon Hydra             Summ           0%         N/A       100%        7


Dungeon Overview and Level Annotations

Branches:
Dungeon (3/15)

Altars:


Innate Abilities, Weirdness & Mutations

You cannot wear most types of armour.
You are amphibious.
You can wear up to eight rings at the same time.
Your skin changes colour to match your surroundings (Stealth+).
Your rubbery body absorbs attacks. (AC +1, EV +1)
((You are camouflaged when in or above water. (Stealth+)))
You have tentacles for arms and can constrict up to eight enemies at once.


Message History

You block the orc's attack.
The orc priest hits you but does no damage.
The orc hits you with a +0 hand axe.
You slash the orc priest! You grab the orc priest.
You squeeze the orc priest, but do no damage.
The orc priest is severely wounded.
You barely miss the orc. You hit the orc.
You kill the orc!
You constrict the orc priest.
You feel sick.
The orc priest invokes the aid of Beogh against you.
Beogh smites you!
* * * LOW HITPOINT WARNING * * *
The orc hits you with a +0 hand axe.
* * * LOW HITPOINT WARNING * * *
Unknown command.
You feel protected.
You constrict the orc priest.
* * * LOW HITPOINT WARNING * * *
You feel sick. You block the orc's attack.
The orc priest completely misses you.
You feel much better.
You constrict the orc priest.
You kill the orc priest!
You feel sick. You block the adder's attack.
The orc hits you with a +0 hand axe. The adder barely misses you.
Your Axes skill increases to level 5!
You have reached level 5!
You feel clever.
You feel sick. The orc hits you with a +0 hand axe.
The adder closely misses you.
You see here a +0 falchion.
Unknown command.
You are too injured to fight recklessly!
Unknown command.
You closely miss the adder. Your grab misses the adder.
You hit the orc but do no damage.
You feel sick.
You are no longer poisoned.
The orc hits you with a +0 hand axe.
* * * LOW HITPOINT WARNING * * *
The adder misses you. The orc hits you with a +0 hand axe!
You die...

.....[..........#
.#......#........
##....###....###
#......# ....#
#.....## ..##..
##...## #.# ..
##..# .# #).o#
##@S# #....#
#....# .#..#..
...##...# #...
...# #. # #..# #.
#.


You could see an adder and an orc.

Vanquished Creatures
  An orc priest (D:3)
  4 adders
  3 dart slugs
  2 orcs (D:3)
  8 bats
  6 endoplasms
  A giant cockroach (D:1)
  4 goblins
  6 hobgoblins
  3 jackals (D:2)
  A kobold (D:1)
  A quokka (D:1)
  6 ball pythons
  3 frilled lizards
  6 rats
55 creatures vanquished.

Notes
Turn   | Place    | Note
-------+----------+-------------------------------------------
     0 | D:1      | Kurtz the Octopode Fighter began the quest for the Orb.
     0 | D:1      | Reached XP level 1. HP: 16/16 MP: 1/1
   123 | D:1      | Found a faded altar of an unknown god.
   195 | D:1      | Reached XP level 2. HP: 19/21 MP: 2/2
   341 | D:1      | Reached skill level 3 in Axes
   659 | D:1      | Reached XP level 3. HP: 22/26 MP: 3/3
  1172 | D:2      | Reached skill level 4 in Axes
  1511 | D:2      | Reached XP level 4. HP: 26/31 MP: 4/4
  2044 | D:3      | HP: 1/31 [orc/+0 hand axe (3)]
  2047 | D:3      | Reached skill level 5 in Axes
  2047 | D:3      | Reached XP level 5. HP: 15/36 MP: 5/5
  2048 | D:3      | Slain by an orc

Illustrated notes

Levels and vault maps discovered:
D:1:      lemuel_arrival_lava_pool, layout_loops_ring,
          hellmonk_ecumenical_altar_zigzags
D:2:      layout_loops_ring, serial_co_window_serial, co_window_paths_a,
          co_window_of_opportunity_a, co_window_of_opportunity_a,
          co_window_paths_b, co_window_paths_a, co_window_2corner,
          co_window_corner_b, co_window_broadway_a, co_window_cross_4,
          co_window_corner_b, co_window_unsneaky_path_d, glass_columns_a
D:3:      layout_basic, lemuel_tele_altar, minmay_stone_trees_large,
          nicolae_half_adder

Skill      XL: |  1  2  3  4 |
---------------+-------------+-----
Axes           | 3 4 5 |  5.2
Fighting       | |  3.0
Dodging        | |  3.0
Shields        | |  3.0

Action                     |  1- 3 |  4- 6 || total
---------------------------+-------+-------++-------
  Melee: War axe           |    60 |    35 ||    95
         Tentacles         |    14 |     5 ||    19
         Constrict         |    15 |    14 ||    29
         Punch             |     2 |       ||     2
    Use: Potion            |       |     4 ||     4
   Stab: Sleeping          |     7 |     4 ||    11
 Armour: Skin              |    18 |    33 ||    51
  Dodge: Dodged            |    34 |    21 ||    55
  Block: Buckler           |     9 |    13 ||    22

Table legend: (Time is in decaauts)
 A = Elapsed time spent in this place.
 B = Non-inter-level travel time spent in this place.
 C = Inter-level travel time spent in this place.
 D = Time resting spent in this place.
 E = Time spent auto-exploring this place.
 F = Levels seen in this place.
 G = Mean time per level.
                   A        B        C        D        E       F      G
               +--------+--------+--------+--------+--------+-----+--------+
         Total |   2081 |   2003 |     78 |      0 |   1678 |   3 |  693.7 |
       Dungeon |   2081 |   2003 |     78 |      0 |   1678 |   3 |  693.7 |
               +--------+--------+--------+--------+--------+-----+--------+

Top non-repeatable levels by time:
     D:2: 1087 daAuts
     D:1: 862 daAuts
     D:3: 131 daAuts
